 Dungeon Crawl Stone Soup version 0.28-a0-957-g42eb19b844 (webtiles) character file.

Game seed: 14489667295020607870

725 enile the Conjurer (level 7, -2/48 HPs)
             Began as an Octopode Conjurer on Dec 1, 2021.
             Was a Believer of Qazlal.
             Killed from afar by Blork the orc (8 damage)
             ... with a magic dart
             ... on level 5 of the Dungeon.
             The game lasted 00:19:12 (6170 turns).

enile the Conjurer (Octopode Conjurer)              Turns: 6170, Time: 00:19:13

Health: -2/48      AC:  1    Str:  6    XL:     7   Next: 71%
Magic:  2/20       EV: 14    Int: 20    God:    Qazlal [**....]
Gold:   219        SH:  2    Dex: 13    Spells: 2/12 levels left

rFire   x . .      SeeInvis .   j - +2 whip (distort)
rCold   + . .      Faith    .   (no shield)
rNeg    . . .      Spirit   .   (helmet restricted)
rPois   .          Reflect  .   (no amulet)
rElec   .          Harm     .   e - ring of ice
rCorr   .          Rampage  .   k - ring of flight
Will    .....                   t - ring of magical power
Stlth   +++.......              (no ring)
HPRegen 0.16/turn               (no ring)
MPRegen 0.17/turn               (no ring)
                                (no ring)
                                (no ring)

@: flying, very slightly contaminated
A: almost no armour, amphibious, 8 rings, camouflage 1, gelatinous body 1,
(nimble swimmer 1), tentacles
a: Renounce Religion, Upheaval


You were on level 5 of the Dungeon.
You worshipped Qazlal.
Qazlal was pleased with you.
You visited 1 branch of the dungeon, and saw 5 of its levels.

You collected 219 gold pieces.

Inventory:

Hand Weapons
 d - a +0 short sword
 j - a +2 whip of distortion (weapon)
 s - a +1 short sword of protection
Jewellery
 e - a ring of ice (left tentacle)
 k - a ring of flight (right tentacle)
 t - a ring of magical power (on tentacle)
Wands
 g - a wand of paralysis (9)
Scrolls
 a - 2 scrolls of immolation {unknown}
 b - 3 scrolls of fog
 f - 2 scrolls of enchant weapon {unknown}
 i - 3 scrolls of amnesia
 l - a scroll of enchant armour
 n - a scroll of teleportation
 q - a scroll of magic mapping
Potions
 c - 3 potions of magic {unknown}
 h - a potion of lignification
 m - a potion of mutation
 o - a potion of degeneration {unknown}
 p - a potion of cancellation {unknown}
 r - a potion of curing {unknown}


   Skills:
 - Level 4.0 Fighting
 - Level 1.0 Short Blades
 - Level 4.0 Maces & Flails
 - Level 4.0 Dodging
 - Level 3.0 Stealth
 - Level 3.0 Spellcasting
 - Level 4.0 Conjurations
 + Level 2.1 Hexes
 - Level 2.0 Invocations


You had 2 spell levels left.
You knew the following spells:

 Your Spells              Type           Power      Damage    Failure   Level
a - Magic Dart            Conj           76%        1d6       2%          1
b - Searing Ray           Conj           38%        2d5       4%          2
c - Dazzling Flash        Conj/Hex       30%        N/A       12%         3
d - Fulminant Prism       Conj/Hex       7%         3d7       36%         4

Your spell library contained the following spells:

 Spells                   Type           Power      Damage    Failure   Level
 Shock                    Conj/Air       44%        1d5       6%          1
 Swiftness                Air            3%         N/A       38%         3
 Iskenderun's Mystic Bla  Conj/Tloc      11%        2d4       52%         4
 Airstrike                Air            1%         N/A       80%         4
 Olgreb's Toxic Radiance  Pois           3%         N/A       80%         4
 Ozocubu's Refrigeration  Ice            2%         4d5       100%        7
 Ignition                 Fire           1%         3d3       100%        8


Dungeon Overview and Level Annotations

Branches:
Dungeon (5/15)
 Temple: D:4-7

Altars:
Qazlal
The Shining One

Shops:
D:1 *

Annotations:
D:5 Blork the orc
Abyss:1 Natasha


Innate Abilities, Weirdness & Mutations

You cannot wear most types of armour.
You are amphibious.
You can wear up to eight rings at the same time.
Your skin changes colour to match your surroundings (Stealth+).
Your rubbery body absorbs attacks. (AC +1, EV +1)
((You are camouflaged near water. (Stealth+)))
You have tentacles for arms and can constrict up to eight enemies at once.


Message History

There is a stone staircase leading up here.
Casting: Dazzling Flash (dangerous; 12% risk of failure)
Confirm with . or Enter, or press ? or * to list all spells.
Casting: Dazzling Flash (dangerous; 12% risk of failure)
Press: ? - help, Dir - look around, f - activate The gnoll sergeant hits you from afar with a +0 spear!
Casting: Dazzling Flash (dangerous; 12% risk of failure)
Confirm with . or Enter, or press ? or * to list all spells.
Okay, then.
You see here a +0 robe.
Casting: Dazzling Flash (dangerous; 12% risk of failure)
Confirm with . or Enter, or press ? or * to list all spells.
Aiming: Fulminant Prism (quite dangerous; 36% risk of failure)
Press: ? - help, Dir - move target You miscast Fulminant Prism.
You are very lightly contaminated with residual magic.
You hear an indistinct dissonance whispering inside your mind.
You feel yourself slow down.
Blork the orc screams, "I'll rip your head off!"
The gnoll sergeant hits you from afar with a +0 spear!
Okay, then.
Aiming: Paralyse
Press: ? - help, Shift-Dir - straight line, f - gnoll sergeant
Aim: a gnoll sergeant, wielding a +0 spear and wearing a +0 scale mail (chance to affect: 46%)
The gnoll sergeant suddenly stops moving!
The gnoll barely misses you.
Blork the orc gestures wildly while chanting.
Blork the orc seems to speed up.
Blork the orc looks encouraged for a moment.
The gnoll misses you.
The gnoll throws a stone.
The stone hits you.
Blork the orc roars loudly.
The gnoll throws a stone.
The stone barely misses you.
Blork the orc looks satisfied for a moment.
The gnoll hits you from afar with a +0 spear!
* * * LOW HITPOINT WARNING * * *
You feel yourself speed up.
Blork the orc points at you and mumbles some strange words.
The magic dart hits you!
You die...

.....##...##............#.....
.g...#.....#gg.....#.#.###.....#
.....gg......####..###..(...(..#
.............# ##..# #.........
..............##..####.......#
...................##..##...# ##
.......##.........o....##...####.
.......##.........°.g...#...#.##.
........###.....@.g.g...[g......<
#........#.........§°..##....####
#.....#................###......<
#.....#.....##..(...............)
##..........##...............##..
#...#.##....##..............###..
#...##.#.....#................###
##.###.......#......####.....##
##...#...##........##.........##


You could see Blork the orc (fast) and 3 gnolls.

Vanquished Creatures
  Sigmund (D:2)
  A sky beast (D:3)
  A scorpion (D:5)
  A jelly (D:4)
  2 hounds (D:4)
  Crazy Yiuf (D:2)
  Jessica (D:3)
  Natasha (twice) (D:3)
  2 gnolls (D:5)
  6 adders
  An adder skeleton (D:4)
  A worm (D:2)
  2 dart slugs
  3 orcs
  7 ball pythons
  9 endoplasms
  2 giant cockroaches (D:1)
  7 goblins
  4 hobgoblins
  2 jackals (D:4)
  9 kobolds
  4 quokkas
  7 bats
  3 frilled lizards
  12 rats
91 creatures vanquished.

Vanquished Creatures (others)
  An endoplasm (D:2)
  A fulminant prism (D:5)
2 creatures vanquished.

Grand Total: 93 creatures vanquished

Notes
Turn   | Place    | Note
-------+----------+-------------------------------------------
     0 | D:1      | enile the Octopode Conjurer began the quest for the Orb.
     0 | D:1      | Reached XP level 1. HP: 11/11 MP: 3/3
   343 | D:1      | Reached XP level 2. HP: 17/17 MP: 3/5
   372 | D:1      | Learned a level 2 spell: Searing Ray
   444 | D:1      | Found a faded altar of an unknown god.
   450 | D:1      | Prayed at the altar of an unknown god.
   450 | D:1      | Became a worshipper of Qazlal Stormbringer
   450 | D:1      | Reached * piety under Qazlal
   517 | D:1      | Found Enna's General Store.
   799 | D:1      | Reached skill level 1 in Fighting
   799 | D:1      | Reached XP level 3. HP: 23/23 MP: 5/7
   969 | D:1      | You fall into a shaft and drop 1 floor!
   984 | D:2      | Reached skill level 1 in Short Blades
  1120 | D:2      | Found a runed translucent door.
  1121 | D:2      | Noticed Crazy Yiuf
  1282 | D:2      | Reached skill level 1 in Invocations
  1431 | D:2      | Reached XP level 4. HP: 20/28 MP: 8/8
  1851 | D:2      | Found a glowing golden altar of the Shining One.
  2006 | D:2      | Noticed Sigmund
  2035 | D:2      | Killed Sigmund
  2036 | D:2      | Reached XP level 5. HP: 4/35 MP: 9/9
  2374 | D:2      | Reached XP level 6. HP: 41/41 MP: 10/10
  2574 | D:2      | Killed Crazy Yiuf
  2589 | D:2      | Learned a level 3 spell: Dazzling Flash
  2754 | D:3      | Noticed Natasha
  2765 | D:3      | Killed Natasha
  3408 | D:3      | Reached ** piety under Qazlal
  3594 | D:3      | Noticed Jessica
  3603 | D:3      | Killed Jessica
  3604 | D:3      | Reached skill level 1 in Hexes
  4173 | D:4      | Noticed a sky beast
  4259 | D:4      | Reached XP level 7. HP: 32/46 MP: 11/11
  4450 | D:3      | Noticed Natasha
  4468 | D:3      | Killed Natasha
  4716 | D:3      | Noticed Natasha
  4721 | D:3      | Banished Natasha
  5179 | D:5      | Entered Level 5 of the Dungeon
  5228 | D:5      | Noticed Blork the orc
  5549 | D:5      | Learned a level 4 spell: Fulminant Prism
  6170 | D:5      | Killed from afar by Blork the orc

Illustrated notes

Levels and vault maps discovered:
D:1:      dpeg_arrival_subterranean_lakeside_camping, layout_rooms,
          dreamdust_ecumenical_altar_angels_and_demons, serial_shops,
          nicolae_shop_waterfront
D:2:      layout_basic, basic_altar, lemuel_old_faithful,
          uniq_crazy_yiuf_cottage, uniq_sigmund
D:3:      layout_basic, st_stairs_3, minmay_diced_spiral, uniq_natasha,
          uniq_jessica
D:4:      layout_cave_pools
D:5:      layout_cave_pools, minmay_temple_entry_nine_rooms, uniq_blork_the_orc

Skill      XL: |  1  2  3  4  5  6  7 |
---------------+----------------------+-----
Spellcasting   | 3 |  3.0
Fighting       | 1 2 3 4 |  4.0
Short Blades   | 1 |  1.0
Invocations    | 1 2 |  2.0
Stealth        | 3 |  3.0
Maces & Flails | 2 3 4 |  4.0
Dodging        | 3 4 |  4.0
Hexes          | 2 |  2.1
Conjurations   | |  4.0

Action                   |  1- 3 |  4- 6 |  7- 9 || total
-------------------------+-------+-------+-------++-------
Melee: Unarmed           |     6 |       |       ||     6
       Short sword       |    48 |    13 |       ||    61
       Constrict         |    11 |    25 |     8 ||    44
       Tentacles         |     7 |    10 |     4 ||    21
       Whip              |       |    80 |    26 ||   106
 Cast: Magic Dart        |    28 |     3 |     9 ||    40
       Searing Ray       |     5 |     1 |    11 ||    17
       Dazzling Flash    |       |     1 |     7 ||     8
       Fulminant Prism   |       |       |     1 ||     1
Evoke: Wand              |       |       |     1 ||     1
  Use: Scroll            |       |     1 |     8 ||     9
       Potion            |       |     1 |       ||     1
Armor: Skin              |     1 |     4 |     1 ||     6
Dodge: Dodged            |    33 |    45 |    36 ||   114
Block: Other             |     3 |     6 |     7 ||    16

Table legend: (Time is in decaauts)
 A = Elapsed time spent in this place.
 B = Non-inter-level travel time spent in this place.
 C = Inter-level travel time spent in this place.
 D = Time resting spent in this place.
 E = Time spent auto-exploring this place.
 F = Levels seen in this place.
 G = Mean time per level.
                   A        B        C        D        E       F      G
               +--------+--------+--------+--------+--------+-----+--------+
         Total |   6177 |   5895 |    282 |    725 |   4225 |   5 | 1235.4 |
       Dungeon |   6177 |   5895 |    282 |    725 |   4225 |   5 | 1235.4 |
               +--------+--------+--------+--------+--------+-----+--------+

Top non-repeatable levels by time:
     D:2: 1853 daAuts
     D:3: 1356 daAuts
     D:4: 1249 daAuts
     D:1: 1236 daAuts
     D:5: 480 daAuts
